 Dungeon Crawl Stone Soup version 0.31.0-32-g396128a36d (webtiles) character file.

Game seed: 351282785323763103

3038 Balder the Cleaver (level 9, -2/68 HPs)
             Began as a Human Fighter on Feb 25, 2024.
             Was a Priest of Okawaru.
             Slain by a sixfirhy (10 damage)
             ... summoned by a kobold demonologist
             ... on level 7 of the Dungeon on Mar 27, 2024.
             The game lasted 00:36:34 (6993 turns).

Balder the Cleaver (Human Fighter)                  Turns: 6993, Time: 00:36:36

Health: -2/68      AC: 17    Str: 18      XL:     9   Next: 86%
Magic:  0/11       EV:  6    Int:  9      God:    Okawaru [***...]
Gold:   606        SH:  5    Dex: 14 (15) Spells: 8/8 levels left

rFire   + . .        G - +2 flail (heavy)
rCold   + . .        c - +0 buckler
rNeg    . . .        i - +2 plate armour
rPois   +            b - +0 helmet
rElec   .            A - scarf {rC+ rF+}
rCorr   .            n - +0 pair of gloves
SInv    .            (no boots)
Will    .....        u - amulet of guardian spirit Stlth
                     F - ring of poison resistance
HPRegen 0.31/turn    (no ring)
MPRegen 0.12/turn

%: guardian spirit
@: no status effects
A: explore regen
a: Renounce Religion, Heroism


You were on level 7 of the Dungeon.
You worshipped Okawaru.
Okawaru was most pleased with you.
You visited 2 branches of the dungeon, and saw 8 of its levels.
You also visited: Sewer.

You collected 606 gold pieces.

Inventory:

Hand Weapons
 a - a +2 war axe
 k - a +4 spear
 s - a +4 dire flail
 x - a +1 whip of holy wrath
 G - a +2 heavy flail (weapon)
Missiles
 f - 4 boomerangs (quivered)
 D - 7 poisoned darts
Armour
 b - a +0 helmet (worn)
 c - a +0 buckler (worn)
 i - a +2 plate armour (worn)
 n - a +0 pair of gloves (worn)
 A - a scarf of resistance (worn)
Jewellery
 l - an amulet of magic regeneration
 u - an amulet of guardian spirit (around neck)
 F - a ring of poison resistance (left hand)
Wands
 d - a wand of flame (7)
 q - a wand of paralysis (13)
 v - a wand of polymorph (9)
 E - a wand of acid (1)
Scrolls
 e - a scroll of enchant weapon
 g - 6 scrolls of identify
 h - 6 scrolls of teleportation
 o - 6 scrolls of revelation
 y - 2 scrolls of summoning
 C - a scroll of blinking
Potions
 j - a potion of berserk rage
 m - a potion of lignification
 p - 7 potions of curing
 t - a potion of ambrosia {unknown}
 w - a potion of heal wounds {unknown}
 z - 3 potions of enlightenment
 B - a potion of mutation {unknown}


   Skills:
 * Level 5.4 Fighting
 * Level 8.0 Axes
 * Level 3.4 Throwing
 * Level 6.1 Armour
 * Level 3.4 Dodging
 * Level 3.8 Stealth
 * Level 4.7 Shields
 * Level 3.6 Invocations
 + Level 1.0 Evocations


You had 8 spell levels left.
You didn't know any spells.
Your spell library contained the following spells:

 Spells                   Type           Power      Damage    Failure   Level
 Scorch                   Fire           0%         2d5       100%        2
 Flame Wave               Conj/Fire      0%         2d4       100%        4
 Summon Cactus Giant      Summ           Unusable   N/A       N/A         6

Dungeon Overview and Level Annotations

Branches:
Dungeon (7/15)             Temple (1/1) D:4           Sewer (visited)

Altars:
Ashenzari
Elyvilon
Gozag
Hepliaklqana
Kikubaaqudgha
Makhleb
Nemelex Xobeh
Okawaru
Qazlal
Ru
Sif Muna
Trog
Uskayaw
Vehumet
Xom
Yredelemnul
Zin

Shops:
D:7 :

Annotations:
Temple 2 transporters


Innate Abilities, Weirdness & Mutations

You regain HP and MP as you explore.


Message History

The kobold demonologist hits you but does no damage.
The ufetubus hits you but does no damage. x2
You closely miss the ufetubus. You block the ufetubus's attack. x2
The kobold demonologist hits you but does no damage.
The kobold demonologist gestures wildly while chanting.
The ufetubus barely misses you. The ufetubus hits you. The sixfirhy hits you.
The sixfirhy shocks you!
The kobold demonologist hits you but does no damage.
The kobold demonologist looks encouraged for a moment.
You closely miss the ufetubus. You block the sixfirhy's attack.
The sixfirhy hits you but does no damage. x4
The ufetubus hits you but does no damage. x2
The sixfirhy hits you. The sixfirhy shocks you!
The ufetubus hits you but does no damage. x2
The neqoxec hits you but does no damage.
The kobold demonologist hits you but does no damage.
The sixfirhy hits you but does no damage.
The ufetubus hits you but does no damage.
You block the ufetubus's attack. The neqoxec hits you!
The kobold demonologist hits you but does no damage.
The kobold demonologist casts a spell.
The air fills with toxic fumes!
As you read the scroll of poison, it crumbles to dust.
The ufetubus hits you but does no damage. x2
The neqoxec completely misses you.
The kobold demonologist mumbles some strange words.
Unknown command.
You barely miss the ufetubus. You block the ufetubus's attack.
The ufetubus hits you but does no damage. x2
You block the ufetubus's attack. The neqoxec barely misses you.
The sixfirhy hits you! The sixfirhy shocks you!
* * * LOW HITPOINT WARNING * * *
The ufetubus hits you but does no damage.
The ufetubus hits you.
* * * LOW HITPOINT WARNING * * *
The neqoxec hits you but does no damage.
The sixfirhy hits you!
* * * LOW HITPOINT WARNING * * *
The sixfirhy shocks you!
You die...

# #.# ### #.# #.#
#§.
.#.###§###3#####§#§
# ...§§§§§53@5§§§§§§
#.#.###§###K#####§##
#K.K.#....#K#
#.$#..#K#K#
#..K.K..4K#
#####K#5###
#############.#
#..........'..#
...........##.#


You could see an ice devil (summoned), 3 kobold demonologists, a sixfirhy
(summoned), a neqoxec (summoned), a kobold brigand, a quasit (summoned) and an
ufetubus (summoned).

Vanquished Creatures
  A two-headed ogre (D:6)
  Grinder (D:6)
  2 water moccasins
  A sky beast (D:7)
  4 ogres
  A phantom (D:7)
  A kobold brigand (D:7)
  A bullfrog (D:7)
  10 wights (D:7)
  3 howler monkeys (D:7)
  5 jellies
  2 orc priests
  A hound (D:5)
  4 iguanas
  Ijyb (D:4)
  A sleepcap (D:3)
  3 orc wizards (D:6)
  Terence (D:2)
  Robin (D:1)
  5 adders
  A river rat (Sewer)
  A shadow imp (D:7)
  A white imp (D:6)
  2 ufetubi (D:6)
  A ribbon worm (D:4)
  2 dart slugs
  24 orcs
  10 ball pythons
  4 bats
  2 endoplasms (D:3)
  8 giant cockroaches
  11 hobgoblins
  2 jackals (D:2)
  7 quokkas
  A frilled lizard (D:3)
  20 goblins
  10 kobolds
  2 rats
158 creatures vanquished.

Notes
Turn   | Place    | Note
-------+----------+-------------------------------------------
     0 | D:1      | Balder the Human Fighter began the quest for the Orb.
     0 | D:1      | Reached XP level 1. HP: 18/18 MP: 1/1
   508 | D:1      | Reached XP level 2. HP: 24/24 MP: 2/2
   662 | D:2      | Noticed Robin
   711 | D:1      | Upgraded the game from 0.31.0-12-g77e489cdc1 to
                  | 0.31.0-32-g396128a36d
   733 | D:1      | Killed Robin
   734 | D:1      | Reached XP level 3. HP: 17/29 MP: 3/3
  1084 | D:2      | Reached XP level 4. HP: 35/35 MP: 4/4
  1194 | D:2      | Noticed Terence
  1213 | D:2      | Killed Terence
  1214 | D:2      | Reached skill level 3 in Axes
  1214 | D:2      | Reached skill level 1 in Stealth
  1560 | D:3      | Reached XP level 5. HP: 41/41 MP: 5/5
  1824 | D:3      | Reached skill level 1 in Dodging
  2043 | D:4      | Found a staircase to the Ecumenical Temple.
  2224 | Temple   | Found a transporter.
  2224 | Temple   | Found a transporter.
  2224 | Temple   | Found a transporter.
  2224 | Temple   | Found a transporter.
  2224 | Temple   | Entered the Ecumenical Temple
  2252 | Temple   | Became a worshipper of Warmaster Okawaru
  2335 | D:4      | Found a sacrificial altar of Ru.
  2433 | D:4      | Reached skill level 1 in Throwing
  2433 | D:4      | Reached XP level 6. HP: 36/48 MP: 4/6
  2617 | D:4      | Noticed Ijyb
  2635 | D:4      | Killed Ijyb
  2636 | D:4      | Reached skill level 4 in Axes
  2672 | D:4      | Found a glowing drain.
  2690 | Sewer    | Entered a sewer
  3296 | D:5      | Entered Level 5 of the Dungeon
  3384 | D:5      | Reached skill level 1 in Invocations
  3590 | D:5      | Found a bloodstained altar of Trog.
  3596 | D:5      | Reached XP level 7. HP: 49/53 MP: 5/7
  3606 | D:5      | Reached * piety under Okawaru
  3902 | D:5      | Found a hide-covered altar of Uskayaw.
  4643 | D:6      | Reached skill level 5 in Axes
  4840 | D:6      | Reached XP level 8. HP: 54/60 MP: 7/9
  5190 | D:6      | Noticed Grinder
  5199 | D:6      | Paralysed by Grinder for 3 turns
  5204 | D:6      | Killed Grinder
  5204 | D:6      | Reached ** piety under Okawaru
  5205 | D:6      | Reached skill level 6 in Axes
  5353 | D:6      | Noticed a two-headed ogre
  5366 | D:6      | Killed a two-headed ogre
  5367 | D:6      | Reached skill level 7 in Axes
  5367 | D:6      | Reached skill level 5 in Armour
  5367 | D:6      | Reached XP level 9. HP: 29/67 MP: 3/11
  5369 | D:6      | Reached *** piety under Okawaru
  5589 | D:6      | Reached skill level 5 in Fighting
  6083 | D:7      | Reached skill level 1 in Evocations
  6329 | D:7      | Found a basalt altar of Yredelemnul.
  6417 | D:7      | Found Uwyhaf's Book Emporium.
  6814 | D:7      | Reached skill level 8 in Axes
  6969 | D:7      | Noticed a kobold demonologist
  6970 | D:7      | Noticed a kobold demonologist
  6973 | D:7      | Noticed a kobold demonologist
  6978 | D:7      | Noticed an ice devil
  6988 | D:7      | Noticed a sixfirhy
  6991 | D:7      | Noticed an ice devil
  6993 | D:7      | Slain by a sixfirhy

Illustrated notes

Levels and vault maps discovered:
D:1:      dpeg_arrival_snail, layout_basic
D:2:      layout_rooms, uniq_terence, uniq_robin
D:3:      layout_rooms
D:4:      layout_loops_ring, amcnicky_altar_gilded, minmay_temple_entry_tees,
          gup_sewer_entry_pipe, hangedman_decor_peaks_small, uniq_ijyb
D:5:      layout_loops_ring, mainiacjoe_overflow_24_doors,
          nicolae_uskayaw_suspiria, nicolae_hexahallways, nicolae_goblin_pals
D:6:      nicolae_cairo_tiling_large_dashed, layout_cave_pods, minivault_5,
          uniq_grinder
D:7:      layout_basic, yredelemnul_altar_generic, serial_library,
          serial_library_regret_index_multi, serial_library_hellmonk_hallway_a,
          serial_library_hellmonk_reading_circle,
          serial_library_hellmonk_semicircle,
          serial_library_hellmonk_long_bookcase, serial_shops, shop,
          minmay_misc_feat_diagonals
Temple:   hellmonk_temple_divided_pantheon

Skill      XL: |  1  2  3  4  5  6  7  8  9 |
---------------+----------------------------+-----
Axes           | 3 4 5 7 8 |  8.0
Stealth        | 1 2 3 |  3.8
Dodging        | 1 2 3 |  3.4
Throwing       | 1 2 3 |  3.4
Invocations    | 1 2 3 |  3.6
Armour         | 4 5 6 |  6.1
Fighting       | 4 5 |  5.4
Shields        | 4 |  4.7
Evocations     | 1 |  1.0

Action                     |  1- 3 |  4- 6 |  7- 9 || total
---------------------------+-------+-------+-------++-------
  Melee: War axe           |    72 |   223 |   233 ||   528
         Flail             |       |       |    11 ||    11
  Throw: Dart              |     2 |     1 |       ||     3
         Boomerang         |       |    13 |     4 ||    17
 Invoke: Heroism           |       |       |     4 ||     4
  Evoke: Wand              |       |       |    10 ||    10
    Use: Scroll            |     2 |     8 |    12 ||    22
         Potion            |     1 |     2 |     1 ||     4
   Stab: Paralysed         |       |       |     5 ||     5
 Armour: Plate armour      |   113 |   210 |   262 ||   585
         Scale mail        |     1 |       |       ||     1
  Dodge: Dodged            |    24 |    50 |    88 ||   162
  Block: Buckler           |    24 |    64 |    76 ||   164
